Map: Temple gelé

Players

zidar - Winner!

  • Race: Zerg Zerg
  • League: Gold
  • Spawn Location: 11:00

Millhaus

  • Race: Zerg Zerg
  • League: Silver
  • Spawn Location: 5:00

VOD

Have the link to the VOD?

Description

Time

  • Played on: June 4, 2016, 11:12 a.m.
  • Length: 13:55
Show
View Real Time Build Order
Export as new Build Order

zidar Zerg - Winner!

Build Orders: Pool First 

Get SALT Encoding   

  12  0:01  Drone  
  13  0:12  Overlord  
  13  0:17  Drone  
  14  0:30  Drone  
  14  0:31  Drone  
  14  0:34  Drone  
  17  0:49  Spawning Pool  
  16  0:50  Drone  
  17  1:14  Hatchery  
  17  1:16  Drone  
  17  1:20  Extractor  
  17  1:21  Drone  
  17  1:29  Drone  
  18  1:37  Queen  
  20  1:45  Overlord  
  19  1:51  Drone  
  19  1:54  Drone  
  21  2:00  Drone  
  22  2:14  Zergling x2  
  23  2:24  Roach Warren  
  22  2:42  Queen  
  24  2:49  Metabolic Boost  
  24  2:54  Extractor, Drone  
  24  2:55  Drone x2  
  24  2:56  Drone  
  27  3:09  Overlord  
  27  3:26  Zergling x4  
  29  3:27  Roach  
  29  3:28  Roach x3  
  37  3:48  Roach x3  
  43  3:49  Zergling x2  
  43  3:53  Overlord x2  
  44  4:11  Roach x3  
  44  4:12  Roach  
  52  4:21  Roach x2  
  52  4:22  Zergling x2  
  51  4:44  Roach x2  
  51  4:45  Roach x2  
  57  4:46  Zergling x2  
  30  5:53  Roach x7  
  30  5:54  Roach x4  
  48  6:01  Lair  
  48  6:07  Drone x2  
  50  6:22  Drone  
  50  6:23  Drone  
  52  6:27  Drone x5  
  57  6:36  Overlord x2  
  57  6:48  Extractor  
  57  6:50  Drone x3  
  57  6:51  Extractor, Drone  
  59  6:54  Queen  
  61  7:06  Spire  
  60  7:20  Drone x6  
  66  7:56  Drone x2  
  66  7:58  Overlord x3  
  68  7:59  Overlord  
  68  8:22  Mutalisk x9  
  68  8:26  Mutalisk  
  88  8:40  Mutalisk  
  88  8:41  Mutalisk  
  90  8:44  Overlord x2  
  92  9:02  Mutalisk x4  
  92  9:42  Mutalisk x4  
  66  10:28  Mutalisk  
  66  10:29  Mutalisk x4  
  66  10:31  Zergling x8  
  66  10:32  Zergling x4  
  82  10:56  Zergling x8  
  82  10:58  Zergling x2  
  82  11:02  Pneumatized Carapace  
  75  11:20  Zergling x8  
  79  11:39  Mutalisk x6  
  81  11:42  Zergling x6  
  94  11:56  Zergling x2  
  94  11:57  Zergling x2  
  76  12:47  Zergling x28  
  87  13:34  Zergling x14  
  87  13:35  Zergling x10  
Show
View Real Time Build Order
Export as new Build Order

Millhaus Zerg 

Build Orders: Hatch First 

Get SALT Encoding   

  12  0:00  Drone  
  13  0:08  Drone  
  14  0:17  Overlord  
  14  0:44  Hatchery, Drone  
  14  0:52  Drone  
  15  0:59  Drone x2  
  17  1:14  Spawning Pool  
  16  1:21  Drone x2  
  18  1:30  Drone  
  19  1:36  Extractor  
  18  1:44  Overlord  
  18  1:52  Drone  
  19  1:56  Drone  
  20  2:03  Drone  
  21  2:12  Drone x2  
  21  2:14  Queen  
  21  2:15  Queen  
  25  2:20  Zergling x2  
  28  2:26  Zergling x2  
  29  2:31  Drone  
  30  2:51  Drone  
  30  2:52  Zergling x4  
  30  2:53  Zergling x2  
  30  2:54  Hatchery  
  33  2:59  Overlord  
  33  3:01  Overlord  
  33  3:10  Roach Warren  
  32  3:13  Extractor  
  32  3:15  Extractor  
  32  3:17  Metabolic Boost  
  30  3:34  Drone x3  
  30  3:35  Drone  
  30  3:36  Zergling x6  
  37  3:45  Evolution Chamber  
  37  3:47  Drone  
  37  3:48  Drone  
  38  3:58  Queen  
  40  4:03  Overlord  
  40  4:10  Drone x2  
  38  4:32  Roach x3  
  38  4:33  Roach  
  43  4:44  Zergling x2  
  43  4:45  Roach, Zergling x6  
  48  5:09  Roach, Zergling x4  
  48  5:10  Roach x3  
  57  5:15  Drone  
  57  5:16  Overlord  
  55  5:22  Roach, Drone  
  56  5:40  Roach  
  56  5:41  Roach  
  59  5:43  Overlord  
  58  5:59  Lair  
  58  6:05  Roach x3  
  58  6:06  Roach  
  66  6:18  Hatchery  
  65  6:33  Zerg Missile Weapons Level 1  
  65  6:44  Drone x3  
  65  6:45  Overlord x2  
  65  6:46  Overlord  
  68  7:05  Ravager x4  
  68  7:06  Ravager  
  73  7:11  Drone x2  
  73  7:12  Drone x2  
  73  7:13  Overlord, Drone  
  78  7:29  Pneumatized Carapace  
  78  7:49  Hatchery  
  77  7:57  Drone  
  77  7:58  Roach x2, Drone  
  81  7:59  Roach x3  
  81  8:05  Hydralisk Den  
  88  8:10  Infestation Pit  
  88  8:12  Queen x2  
  91  8:13  Queen  
  91  8:17  Drone x2  
  91  8:18  Drone  
  96  8:40  Zerg Ground Armor Level 1  
  96  8:41  Glial Reconstitution  
  96  8:52  Drone x3  
  99  8:57  Extractor  
  98  9:05  Queen, Drone  
  95  9:18  Hydralisk x3  
  95  9:19  Hydralisk x5  
  103  9:33  Spore Crawler  
  103  9:34  Spore Crawler  
  103  9:35  Spore Crawler  
  87  9:43  Hydralisk x6  
  63  10:01  Hydralisk x2  
  63  10:02  Hydralisk x3  
  71  10:09  Hydralisk x2  
  63  10:29  Spore Crawler  
  63  10:33  Spore Crawler  
  63  10:35  Infestor x2  
  59  10:36  Infestor  
  58  10:44  Zerg Ground Armor Level 2  
  58  10:46  Tunneling Claws  
  56  11:06  Drone x3  
  56  11:09  Drone x2  
  59  11:15  Infestor  
  61  11:19  Zergling x8  
  61  11:21  Drone x2  
  61  11:23  Drone x3  
  70  11:40  Overlord  
  70  11:52  Hydralisk Den  
  69  11:54  Spore Crawler  
  69  11:57  Spore Crawler x2  
  69  11:58  Queen, Spore Crawler  
  67  12:03  Queen  
  69  12:08  Drone  
  69  12:09  Drone  
  69  12:10  Drone x2  
  58  12:39  Hydralisk x7  
  58  12:40  Hydralisk  
  74  12:49  Pathogen Glands  
  63  13:12  Hydralisk x7  
  61  13:30  Drone  
  61  13:31  Roach x3, Hydralisk  
  61  13:32  Roach  
Tags
 
Add a new tag
Caveats
  • Supply blocks, unpowered buildings, or Contaminate may cause inaccurate times.
  • Supply counts are checked every 10 seconds.